 Dungeon Crawl Stone Soup version 0.21.1-1-g345015fe64 (webtiles) character file.

886 Htamos the Sneak (level 7, -1/51 HPs)
             Began as a Vampire Necromancer on July 15, 2018.
             Slain by Fascinator's ghost (11 damage)
             ... on level 5 of the Dungeon.
             The game lasted 00:22:39 (9666 turns).

Htamos the Sneak (Vampire Necromancer)              Turns: 9666, Time: 00:22:39

Health: -1/51      AC:  5    Str:  7    XL:     7   Next: 76%
Magic:  12/12      EV: 12    Int: 18    God:
Gold:   229        SH: 11    Dex: 21    Spells: 12/13 levels left

rFire    + . .     SeeInvis +   i - -3 long sword (curse)
rCold    + . .     Gourm    .   e - +0 large shield
rNeg     + + .     Faith    .   r - +2 ring mail {rC+}
rPois    +         Spirit   .   (no helmet)
rElec    .         Reflect  .   (no cloak)
rCorr    .         Harm     .   (no gloves)
MR       .....     Rnd*Tele +   (no boots)
Stlth    +++++.....             (no amulet)
HPRegen  0.08/turn              (no ring)
MPRegen  0.13/turn              z - ring of fire

@: agile, regenerating slowly
A: fangs 3, rugged brown scales 1, see invisible, deformed body, teleportitis 1,
unbreathing
a: Bat Form


You were on level 5 of the Dungeon.
You were very thirsty.

You visited 1 branch of the dungeon, and saw 5 of its levels.

You collected 229 gold pieces.

Inventory:

Hand Weapons
 d - a +0 short sword
 i - a cursed -3 long sword (weapon)
 k - a +0 dagger
 s - a +0 rapier
 v - a +4 dagger of speed
Armour
 a - a +0 robe
 e - a +0 large shield (worn)
 j - a +0 shield
 r - a +2 ring mail of cold resistance (worn)
 A - a +0 ring mail
Jewellery
 x - an uncursed ring of teleportation
 z - a ring of fire (right hand)
Wands
 w - a wand of enslavement (12)
Scrolls
 h - 5 scrolls of identify
 m - a scroll of fear
 n - 3 scrolls of teleportation
Potions
 c - a potion of degeneration
 l - 2 potions of haste
 t - a potion of lignification
Books
 b - a book of Necromancy

   Spells                             Type                      Level
   a - Pain                           Necromancy                   1
   b - Animate Skeleton               Necromancy                   1
   c - Vampiric Draining              Necromancy                   3
   d - Regeneration                   Charms/Necromancy            3
   e - Animate Dead                   Necromancy                   4
   f - Borgnjor's Vile Clutch         Necromancy/Earth             5


   Skills:
 - Level 2.2 Fighting
 * Level 2.4 Short Blades
 - Level 4.4 Dodging
 + Level 6.6 Stealth
 - Level 2.2 Shields
 - Level 3.6 Spellcasting
 * Level 6.3 Necromancy


You had 12 spell levels left.
You knew the following spells:

 Your Spells              Type           Power        Failure   Level  Hunger
a - Pain                  Necr           ####         61%         1    None


Dungeon Overview and Level Annotations

Branches:
Dungeon (5/15)
 Temple: D:4-7

Altars:
Gozag
Hepliaklqana
Kikubaaqudgha
Yredelemnul

Annotations:
D:5 Fascinator's ghost, novice DsFi


Innate Abilities, Weirdness & Mutations

You heal slowly.
You have razor-sharp teeth.
You have supernaturally acute eyesight. (SInv)
You can survive without breathing.
You are partially covered in rugged brown scales. (AC +1, +3% HP)
Armour fits poorly on your strangely shaped body.
You are occasionally teleported next to monsters.


Message History

Fascinator's ghost hits you!
You hit Fascinator's ghost but do no damage.
You bite Fascinator's ghost, but do no damage.
Fascinator's ghost is moderately damaged.
You block Fascinator's ghost's attack. x2
Your shield and ring mail prevent you from hitting Fascinator's ghost.
Fascinator's ghost is moderately damaged.
Fascinator's ghost hits you!
* * * LOW HITPOINT WARNING * * *
You hit Fascinator's ghost but do no damage.
Fascinator's ghost is moderately damaged.
Fascinator's ghost barely misses you.
You riposte.
You hit Fascinator's ghost but do no damage.
Your bite misses Fascinator's ghost.
Fascinator's ghost is moderately damaged.
Fascinator's ghost hits you!
* * * LOW HITPOINT WARNING * * *
Your unliving flesh cannot be transformed in this way.
Fascinator's ghost hits you!
You die...

#.# ##### #.##########...#
#..............##
###################....#
#....<.......# #.>...#
#............# #.....#
#............# ##.....##
#............# #.......#
#...).....W@.# #.....#####
#............# #...#.....#
#..).........####.......#.#
#.<..........##....####...#
#.....)......###..........#
#............# ###..###.#.#
#............###.#..###.#.#
#................#........
##########'##.............


You could see Fascinator's ghost.

Vanquished Creatures
  An ogre (D:5)
  A water moccasin skeleton (D:4)
  A howler monkey (D:4)
  2 vampire bats (D:4)
  2 hounds (D:5)
  An orc priest (D:5)
  2 orc wizards (D:5)
  A centaur skeleton (D:3)
  Jessica (D:3)
  2 iguanas (D:4)
  5 worker ants
  A hound skeleton (D:4)
  13 adders
  2 oozes
  5 worms (D:2)
  3 dart slugs (D:2)
  4 leopard geckos
  4 orcs
  5 ball pythons
  5 bat skeletons (D:4)
  2 bat zombies (D:4)
  6 giant cockroaches
  8 goblins
  7 hobgoblins
  5 jackals
  14 kobolds
  2 bats
  8 frilled lizards
  A quokka skeleton (D:4)
  6 rats
120 creatures vanquished.

Notes
Turn   | Place    | Note
-------+----------+-------------------------------------------
     0 | D:1      | Htamos the Vampire Necromancer began the quest for the Orb.
     0 | D:1      | Reached XP level 1. HP: 13/13 MP: 3/3
   543 | D:1      | Reached XP level 2. HP: 12/19 MP: 0/5
  2004 | D:1      | Reached XP level 3. HP: 24/24 MP: 6/6
  2358 | D:2      | Reached XP level 4. HP: 20/30 MP: 0/7
  2877 | D:2      | Reached skill level 5 in Necromancy
  4878 | D:3      | Found a faded altar of an unknown god.
  4939 | D:3      | Reached XP level 5. HP: 36/36 MP: 9/9
  5292 | D:3      | Found an opulent altar of Gozag.
  5381 | D:3      | Noticed Jessica
  5385 | D:3      | Killed Jessica
  5385 | D:3      | Reached skill level 1 in Fighting
  5385 | D:3      | Reached skill level 5 in Stealth
  5385 | D:3      | Reached skill level 1 in Shields
  5598 | D:3      | Reached XP level 6. HP: 27/43 MP: 5/10
  5811 | D:3      | Found a hazy altar of Hepliaklqana.
  6150 | D:4      | Found a basalt altar of Yredelemnul.
  6860 | D:4      | Found an ancient bone altar of Kikubaaqudgha.
  7055 | D:4      | Reached XP level 7. HP: 10/50 MP: 8/12
  8448 | D:5      | Entered Level 5 of the Dungeon
  8453 | D:5      | Reached skill level 1 in Short Blades
  8818 | D:5      | Gained mutation: Your magical capacity is low. (-10% MP) [mutagenic glow]
  9139 | D:5      | Noticed Fascinator's ghost (novice DsFi)
  9655 | D:5      | Lost mutation: Your magical capacity is low. (-10% MP) [potion of mutation]
  9655 | D:5      | Gained mutation: Armour fits poorly on your strangely shaped body. [potion of mutation]
  9655 | D:5      | Gained mutation: You are partially covered in yellow scales. (AC +2) [potion of mutation]
  9656 | D:5      | Lost mutation: You are partially covered in yellow scales. (AC +2) [potion of mutation]
  9656 | D:5      | Gained mutation: You are occasionally teleported next to monsters. [potion of mutation]
  9656 | D:5      | Gained mutation: You are partially covered in rugged brown scales. (AC +1, +3% HP) [potion of mutation]
  9666 | D:5      | Slain by Fascinator's ghost

Skill      XL: |  1  2  3  4  5  6  7 |
---------------+----------------------+-----
Stealth        | 4 5 6 |  6.6
Dodging        | 3 4 |  4.4
Necromancy     | 5 6 |  6.3
Fighting       | 1 2 |  2.2
Shields        | 1 2 |  2.2
Spellcasting   | 3 |  3.6
Short Blades   | 2 |  2.4

Action                   |  1- 3 |  4- 6 |  7- 9 || total
-------------------------+-------+-------+-------++-------
Melee: Short sword       |    24 |       |       ||    24
       Unarmed           |     3 |       |       ||     3
       Dagger            |    32 |   264 |    12 ||   308
       Bite              |     2 |    20 |    13 ||    35
       Long sword        |       |       |    72 ||    72
 Cast: Pain              |    39 |    96 |    13 ||   148
Evoke: Wand              |       |       |    11 ||    11
  Use: Potion            |       |    11 |    14 ||    25
       Scroll            |       |    10 |     2 ||    12
 Stab: Sleeping          |    11 |    21 |       ||    32
       Distracted        |       |       |     1 ||     1
Armor: Robe              |     6 |     8 |       ||    14
       Ring mail         |       |   118 |    34 ||   152
Dodge: Dodged            |    61 |   161 |    37 ||   259
Block: Shield            |       |   124 |     1 ||   125
       Large shield      |       |       |    62 ||    62
       Rpst.: Long sword |       |       |    11 ||    11
